 Dungeon Crawl Stone Soup version 0.31.0-32-g396128a36d (webtiles) character file.

Game seed: 3559875946782923430

207 Baz the Digger (level 5, -12/29 HPs)
             Began as a Deep Elf Earth Elementalist on Mar 16, 2024.
             Mangled by an ogre
             ... wielding a +0 giant club
              (24 damage)
             ... on level 4 of the Dungeon.
             The game lasted 00:06:11 (2773 turns).

Baz the Digger (Deep Elf Earth Elementalist)        Turns: 2773, Time: 00:06:12

Health: -12/29     AC:  2    Str:  5    XL:     5   Next: 54%
Magic:  9/13       EV: 13    Int: 28    God:
Gold:   129        SH:  0    Dex: 15    Spells: 1/12 levels left

rFire   . . .        j - +8 whip of Calamity {venom, rElec}
rCold   . . .        (no shield)
rNeg    . . .        a - +0 robe
rPois   .            (no helmet)
rElec   +            (no cloak)
rCorr   .            (no gloves)
SInv    .            (no boots)
Will    +....        s - amulet of magic regeneration
Stlth   +++          u - ring of willpower
HPRegen 0.24/turn    y - +6 ring of intelligence
MPRegen 0.53/turn

%: no passive effects
@: no status effects
A: no striking features
a: no special abilities


You were on level 4 of the Dungeon.
You visited 1 branch of the dungeon, and saw 4 of its levels.

You collected 129 gold pieces.

Inventory:

Hand Weapons
 j - the +8 whip of Calamity (weapon) {venom, rElec}
   (You found it on level 2 of the Dungeon)

   rElec:     It insulates you from electricity.
Armour
 a - a +0 robe (worn)
Jewellery
 n - an amulet of faith
 s - an amulet of magic regeneration (around neck)
 u - a ring of willpower (left hand)
 y - a +6 ring of intelligence (right hand)
Wands
 q - a wand of polymorph (14)
Scrolls
 c - 2 scrolls of fog {unknown}
 e - 3 scrolls of identify {unknown}
 f - a scroll of enchant armour {unknown}
 g - 2 scrolls of amnesia {unknown}
 l - a scroll of noise {unknown}
 o - 4 scrolls of teleportation {unknown}
 r - a scroll of acquirement {unknown}
 t - a scroll of poison {unknown}
Potions
 b - a potion of magic
 d - a potion of curing {unknown}
 h - a potion of enlightenment {unknown}
 i - 2 potions of might {unknown}
 k - a potion of ambrosia {unknown}
 m - 2 potions of lignification {unknown}
 p - a potion of invisibility {unknown}
 v - a potion of brilliance {unknown}
 w - 2 potions of heal wounds {unknown}
 x - a potion of haste {unknown}


   Skills:
 + Level 1.4 Fighting
 - Level 2.7 Dodging
 + Level 3.9 Stealth
 + Level 4.1 Spellcasting
 + Level 2.6 Conjurations
 * Level 4.6 Earth Magic


You had one spell level left.
You knew the following spells:

 Your Spells              Type           Power      Damage    Failure   Level
a - Sandblast             Erth           62%        2d14      1%          1
b - Passwall              Erth           31%        N/A       3%          3
c - Stone Arrow           Conj/Erth      52%        3d10      4%          3
d - Brom's Barrelling Bo  Conj/Erth      26%        2d5       17%         4

Your spell library contained the following spells:

 Spells                   Type           Power      Damage    Failure   Level
 Foxfire                  Conj/Fire      52%        2x1d6     4%          1
 Call Canine Familiar     Summ           5%         N/A       22%         3
 Sigil of Binding         Hex            5%         N/A       22%         3
 Petrify                  Alch/Erth      18%        N/A       28%         4
 Dimensional Bullseye     Hex/Tloc       2%         N/A       58%         4
 Plasma Beam              Fire/Air       2%         2x1d12    100%        6
 Starburst                Conj/Fire      6%         6d4       100%        6


Dungeon Overview and Level Annotations

Branches:
Dungeon (4/15)
 Temple: D:4-7

Altars:
Makhleb

Shops:
D:1 (::[   D:4 (

Annotations:
D:4 exclusion: ogre


Message History

Confirm with . or Enter, or press ? or * to list all spells.
Aiming: Sandblast (safe; 1% risk of failure)
Press: ? - help, Shift-Dir - straight line, f/p - ogre
Aim: an ogre, wielding a +0 giant club (heavily wounded, 92% to hit)
The blast of sand misses the ogre.
The ogre closely misses you.
Casting: Sandblast (safe; 1% risk of failure)
Confirm with . or Enter, or press ? or * to list all spells.
Aiming: Sandblast (safe; 1% risk of failure)
Press: ? - help, Shift-Dir - straight line, f/p - ogre
Aim: an ogre, wielding a +0 giant club (heavily wounded, 92% to hit)
The blast of sand hits the ogre.
The ogre is heavily wounded.
The ogre closely misses you.
Casting: Sandblast (safe; 1% risk of failure)
Confirm with . or Enter, or press ? or * to list all spells.
Aiming: Sandblast (safe; 1% risk of failure)
Press: ? - help, Shift-Dir - straight line, f/p - ogre
Aim: an ogre, wielding a +0 giant club (heavily wounded, 92% to hit)
The blast of sand hits the ogre.
The ogre is severely wounded.
The ogre hits you with a +0 giant club!
Ouch! That really hurt!
Casting: Sandblast (safe; 1% risk of failure)
Confirm with . or Enter, or press ? or * to list all spells.
Aiming: Sandblast (safe; 1% risk of failure)
Press: ? - help, Shift-Dir - straight line, f/p - ogre
Aim: an ogre, wielding a +0 giant club (severely wounded, 92% to hit)
The blast of sand misses the ogre.
The ogre barely misses you.
Your magical contamination has completely faded away.
Unknown command.
Casting: Sandblast (safe; 1% risk of failure)
Confirm with . or Enter, or press ? or * to list all spells.
Aiming: Sandblast (safe; 1% risk of failure)
Press: ? - help, Shift-Dir - straight line, f/p - ogre
Aim: an ogre, wielding a +0 giant club (severely wounded, 92% to hit)
The blast of sand hits the ogre!
The ogre is almost dead.
The ogre hits you with a +0 giant club!!
Ouch! That really hurt!
You die...

#### #... #####.# #.##
#.....# #.# #@# #.# #O#
### ####.## #.#
...O......... #.#
#..########.## #.# #..#
#.#
######'###..########.##
#......................
#.......>..............
#...........#.######'#.


You could see an ogre.

Vanquished Creatures
  A howler monkey (D:4)
  Jessica (D:2)
  An iguana (D:4)
  4 adders
  3 dart slugs
  2 ribbon worms
  9 endoplasms
  2 giant cockroaches (D:1)
  9 goblins
  9 hobgoblins
  5 kobolds
  3 quokkas
  6 ball pythons
  4 bats
  4 frilled lizards
  4 rats
67 creatures vanquished.

Notes
Turn   | Place    | Note
-------+----------+-------------------------------------------
     0 | D:1      | Baz the Deep Elf Earth Elementalist began the quest for the
                  | Orb.
     0 | D:1      | Reached XP level 1. HP: 10/10 MP: 6/6
    50 | D:1      | Found Lobek's Book Shop.
    74 | D:1      | Reached XP level 2. HP: 10/15 MP: 1/8
   246 | D:1      | Found Biejirphat's Armour Emporium.
   335 | D:1      | Found Weix's Antique Weapon Shoppe.
   478 | D:1      | Reached XP level 3. HP: 19/19 MP: 3/9
   719 | D:1      | Found Mamug's Book Emporium.
   987 | D:2      | Noticed Jessica
   989 | D:2      | Killed Jessica
  1026 | D:2      | Reached XP level 4. HP: 24/24 MP: 9/11
  1111 | D:2      | Identified the +8 whip of Calamity {venom, rElec}
  1321 | D:2      | Reached skill level 1 in Fighting
  1325 | D:2      | Learned a level 3 spell: Passwall
  1329 | D:2      | Learned a level 3 spell: Stone Arrow
  1773 | D:3      | Found a burning altar of Makhleb.
  2274 | D:4      | Reached XP level 5. HP: 29/29 MP: 10/12
  2459 | D:4      | Identified the +9 short sword "Echof" {vamp, rF+ rC+ MP+9}
  2644 | D:4      | Found Ymmya's Antique Weapon Emporium.
  2673 | D:4      | Noticed an ogre
  2680 | D:4      | Learned a level 4 spell: Brom's Barrelling Boulder
  2773 | D:4      | Mangled by an ogre

Illustrated notes

Levels and vault maps discovered:
D:1:      lightli_iron_boxes, layout_basic, serial_shops,
          nicolae_shop_tiny_real_fake_doors, shop,
          nicolae_shop_overgrown_old_shop, shop
D:2:      layout_rooms, uniq_jessica
D:3:      layout_basic, bloody_makhleb, nicolae_titane
D:4:      layout_basic, kennysheep_mini_moat, serial_shops,
          nicolae_shop_pleasant_corner_grove

Skill      XL: |  1  2  3  4  5 |
---------------+----------------+-----
Stealth        | 3 |  3.9
Conjurations   | 2 |  2.6
Earth Magic    | 4 |  4.6
Fighting       | 1 |  1.4
Spellcasting   | 4 |  4.1
Dodging        | |  2.7

Action                     |  1- 3 |  4- 6 || total
---------------------------+-------+-------++-------
  Melee: Club              |     3 |       ||     3
         Unarmed           |     2 |       ||     2
         Whip              |       |     1 ||     1
   Cast: Sandblast         |    47 |    47 ||    94
 Armour: Robe              |    12 |     7 ||    19
  Dodge: Dodged            |    24 |     6 ||    30
